 Dungeon Crawl Stone Soup version 0.26-a0-606-g3c8f2f65f7 (webtiles) character file.

Game seed: 10949465441652910777

15813 Krehm the Nimble (level 12, -4/96 HPs)
             Began as a Merfolk Ice Elementalist on Aug 31, 2020.
             Was an Elder of Sif Muna.
             Slain by a large slime creature (28 damage)
             ... on level 11 of the Dungeon on Sept 1, 2020.
             The game lasted 02:03:51 (19790 turns).

Krehm the Nimble (Merfolk Ice Elementalist)        Turns: 19790, Time: 02:03:52

Health: -4/96      AC: 16    Str:  9    XL:     12   Next: 30%
Magic:  9/24       EV: 18    Int: 27    God:    Sif Muna [****..]
Gold:   246        SH:  0    Dex: 15    Spells: 4/27 levels left

rFire    . . .     SeeInvis .   l - +2 dagger (speed)
rCold    . . .     Faith    .   (no shield)
rNeg     . . .     Spirit   .   H - +0 acid dragon scales
rPois    .         Reflect  .   C - +1 helmet {Int+3}
rElec    .         Harm     .   D - scarf {repulsion}
rCorr    +                      a - +2 pair of gloves
MR       .....                  (no boots)
Stlth    +++.......             (no amulet)
HPRegen  0.26/turn              f - +6 ring of intelligence
MPRegen  0.19/turn              u - ring of wizardry

@: icy armour, repel missiles
A: change form in water, swift swim, stealthy swim
a: Channel Magic, Forget Spell, Divine Exegesis, Renounce Religion


You were on level 11 of the Dungeon.
You worshipped Sif Muna.
Sif Muna was greatly pleased with you.
You visited 2 branches of the dungeon, and saw 14 of its levels.

You collected 665 gold pieces.
You spent 419 gold pieces at shops.

Inventory:

Hand Weapons
 b - a +2 dagger of holy wrath
 l - a +2 dagger of speed (weapon)
Missiles
 m - 19 boomerangs (quivered)
Armour
 a - a +2 pair of gloves (worn)
 C - a +1 helmet of intelligence (worn)
 D - a scarf of repulsion (worn)
 H - +0 acid dragon scales (worn)
Jewellery
 f - a +6 ring of intelligence (left hand)
 k - an uncursed ring of protection from fire
 u - a ring of wizardry (right hand)
Wands
 e - a wand of random effects (53)
 r - a wand of enslavement (8)
 E - a wand of acid (5)
 G - a wand of paralysis (12)
 I - a wand of flame (14)
 K - a wand of iceblast (6)
Scrolls
 c - a scroll of noise {unknown}
 j - 4 scrolls of amnesia
 o - 2 scrolls of fear
 p - 4 scrolls of teleportation
 q - 2 scrolls of enchant weapon {unknown}
 s - 2 scrolls of magic mapping
 t - 2 scrolls of random uselessness {unknown}
 x - a scroll of fog {unknown}
 y - 2 scrolls of remove curse
 z - a scroll of blinking
 F - a scroll of immolation {unknown}
Potions
 d - 3 potions of berserk rage
 g - 3 potions of mutation
 h - a potion of cancellation {unknown}
 i - a potion of flight
 n - 2 potions of haste
 v - a potion of brilliance
 A - 3 potions of curing
 B - a potion of stabbing {unknown}
 J - a potion of ambrosia {unknown}
Miscellaneous
 w - a tin of tremorstones (3/3)


   Skills:
 + Level 9.5 Fighting
 + Level 11.3 Dodging
 - Level 6.1 Stealth
 + Level 8.3 Spellcasting
 - Level 6.0 Hexes
 - Level 2.0 Transmutations
 - Level 6.0 Ice Magic
 + Level 5.6 Poison Magic
 + Level 7.8 Invocations
 - Level 3.0 Evocations


You had 4 spell levels left.
You knew the following spells:

 Your Spells              Type           Power        Failure   Level
a - Confusing Touch       Hex            #####...     1%          3
b - Frozen Ramparts       Ice            #####.       1%          3
c - Ozocubu's Armour      Ice            #####...     1%          3
d - Passwall              Tmut/Erth      ###.....     3%          2
e - Tukima's Dance        Hex            #####...     1%          3
f - Mephitic Cloud        Conj/Pois/Air  ###.....     4%          3
g - Blink                 Tloc           N/A          5%          2
h - Olgreb's Toxic Radia  Pois           #####...     3%          4

Your spell library contained the following spells:

 Spells                   Type           Power        Failure   Level
 Corona                   Hex            #####..      1%          1
 Freeze                   Ice            ####         1%          1
 Sting                    Tmut/Pois      ####         1%          1
 Ensorcelled Hibernation  Hex/Ice        #####.       1%          2
 Poisonous Vapours        Pois/Air       ####..       1%          2
 Foxfire                  Conj/Fire      ##..         3%          1
 Sandblast                Erth           ##....       3%          1
 Shock                    Conj/Air       ##..         3%          1
 Dazzling Flash           Conj/Hex       ####..       3%          3
 Ignite Poison            Fire/Tmut/Pois ####....     3%          3
 Inner Flame              Hex/Fire       ####....     3%          3
 Searing Ray              Conj           ##....       5%          2
 Swiftness                Air            ##......     5%          2
 Hailstorm                Conj/Ice       ####....     10%         4
 Summon Ice Beast         Ice/Summ       ####....     10%         4
 Conjure Flame            Conj/Fire      ##......     11%         3
 Static Discharge         Conj/Air       ##......     11%         3
 Stone Arrow              Conj/Erth      ##....       11%         3
 Petrify                  Tmut/Erth      ###.....     22%         4
 Airstrike                Air            ##........   32%         4
 Sticky Flame             Conj/Fire      ##......     32%         4
 Fireball                 Conj/Fire      ##........   65%         5
 Lee's Rapid Deconstruct  Erth           ##........   65%         5
 Lightning Bolt           Conj/Air       ##........   65%         5
 Spellforged Servitor     Conj/Summ      ##........   100%        7


Dungeon Overview and Level Annotations

Branches:
Dungeon (13/15)            Temple (1/1) D:6            Lair (0/6) D:8
    Orc: D:9-12      Vaults: D:13-14

Altars:
Ashenzari
Cheibriados
Dithmenos
Elyvilon
Fedhas
Gozag
Hepliaklqana
Kikubaaqudgha
Makhleb
Nemelex Xobeh
Okawaru
Qazlal
Ru
Sif Muna
Trog
Uskayaw
Vehumet
Wu Jian
Xom
Yredelemnul
Zin
The Shining One

Shops:
D:4 (   D:9 [   D:11 ?

Annotations:
D:9 exclusion: 3 oklob plants


Message History

The slime creature hits you!
* * * LOW HITPOINT WARNING * * *
Your icy armour cracks and falls away as you move.
Two slime creatures merge to form a large slime creature.
The large slime creature hits you but does no damage.
Evoke which item? (* to show all) (? for menu, Esc to quit)
Aiming: Paralyse
Press: ? - help, Shift-Dir - straight line, f - large slime creature
Aim: a large slime creature (moderately wounded, chance to defeat MR: 37%)
Okay, then.
Evoke which item? (* to show all) (? for menu, Esc to quit)
Aiming: Random Effects
Press: ? - help, Shift-Dir - straight line, f - large slime creature
Aim: a large slime creature (moderately wounded)
The large slime creature flickers and vanishes!
Deactivating autopickup; reactivate with Ctrl-A.
Casting: Ozocubu's Armour (safe; 1% risk of failure)
Confirm with . or Enter, or press ? or * to list all spells.
A film of ice covers your body! Something hits you!!
You die...

...# #..#.#
...# ##.#.#
...# #.#.# ####
#.#.## #....#
##.#.# ## #...#
.#
##########..##
.#
#....@.......#
.#
#.#########..##
.#
#.#.......#...#
##
#.#...........#
#.#..<.....[.>#
#.#.........#.#
#.#.........#.#
######
#.##.∩......#.#
#....#
#..'....≈≈..#.#


There were no monsters in sight!

Vanquished Creatures
  Gastronok (D:10)
  2 two-headed ogres (D:11)
  2 unseen horrors
  A wolf spider zombie (D:13)
  An ugly thing (D:11)
  A cyclops (D:12)
  An elephant (D:7)
  Joseph (D:8)
  3 trolls
  A hornet (D:12)
  A slime creature (D:12)
  2 hippogriffs
  2 wyverns
  15 yaks
  Grum (D:8)
  A steam dragon (D:8)
  A basilisk (D:7)
  A water moccasin (D:11)
  An acid dragon (D:11)
  A floating eye (D:9)
  6 orc warriors
  4 ice beasts
  2 black bears
  2 phantoms
  2 ogres
  6 centaurs
  4 wolves
  A crocodile (D:8)
  7 bullfrogs
  A wyvern skeleton (D:11)
  3 scorpions
  A water moccasin skeleton (D:9)
  9 killer bees
  4 wights (D:10)
  3 howler monkeys (D:11)
  5 electric eels (D:10)
  3 bullfrog zombies
  2 quasits
  2 centaur zombies
  6 hounds
  3 jellies
  6 orc priests
  Crazy Yiuf (D:3)
  5 bullfrog skeletons
  A gnoll shaman (D:6)
  Jessica (D:3)
  4 iguanas
  9 worker ants
  12 orc wizards
  A killer bee zombie (D:5)
  2 hound zombies (D:9)
  A hound skeleton (D:9)
  2 worker ant zombies
  Robin (D:4)
  9 gnolls
  A howler monkey skeleton (D:7)
  18 adders
  3 shadow imps
  6 white imps
  An ufetubus (D:9)
  3 oozes
  4 adder skeletons
  2 worms
  A dart slug (D:5)
  7 leopard geckos
  45 orcs
  14 bats
  2 giant cockroaches
  10 hobgoblins
  7 jackals
  7 kobolds
  3 quokkas
  A ball python (D:5)
  7 frilled lizards
  11 goblins
  A leopard gecko skeleton (D:4)
  A quokka skeleton (D:4)
  7 rats
333 creatures vanquished.

Vanquished Creatures (collateral kills)
  A gnoll (D:11)
1 creature vanquished.

Vanquished Creatures (others)
  2 dancing weapons
  A sky beast (D:10)
  An orc (D:12)
  9 fungi
  23 plants
36 creatures vanquished.

Grand Total: 370 creatures vanquished

Notes
Turn   | Place    | Note
-------+----------+-------------------------------------------
     0 | D:1      | Krehm the Merfolk Ice Elementalist began the quest for the
                  | Orb.
     0 | D:1      | Reached XP level 1. HP: 13/13 MP: 3/3
   406 | D:1      | Reached XP level 2. HP: 20/20 MP: 5/5
   480 | D:1      | Reached skill level 1 in Fighting
   984 | D:1      | Reached XP level 3. HP: 24/26 MP: 1/6
  1035 | D:1      | Learned a level 3 spell: Frozen Ramparts
  1437 | D:2      | Reached skill level 3 in Dodging
  1663 | D:2      | Found a blossoming altar of Fedhas.
  2037 | D:3      | Reached XP level 4. HP: 31/33 MP: 2/7
  2258 | D:3      | Reached skill level 5 in Ice Magic
  2265 | D:3      | Reached XP level 5. HP: 32/39 MP: 6/9
  2307 | D:3      | Reached skill level 4 in Dodging
  2436 | D:3      | Learned a level 3 spell: Ozocubu's Armour
  2720 | D:3      | Noticed Jessica
  2854 | D:3      | Reached XP level 6. HP: 27/46 MP: 8/10
  3276 | D:3      | Killed Jessica
  3408 | D:3      | Found a runed translucent door.
  3409 | D:3      | Noticed Crazy Yiuf
  4289 | D:4      | Reached skill level 5 in Dodging
  4378 | D:4      | Noticed Robin
  4394 | D:4      | Killed Robin
  4401 | D:4      | Reached XP level 7. HP: 48/52 MP: 3/12
  4949 | D:4      | Found Huejoa's Weapon Shop.
  4961 | D:5      | Entered Level 5 of the Dungeon
  5247 | D:5      | Reached skill level 1 in Evocations
  5486 | D:5      | Learned a level 2 spell: Passwall
  5714 | D:5      | Reached skill level 6 in Dodging
  5714 | D:5      | Reached XP level 8. HP: 47/61 MP: 11/14
  5813 | D:5      | Reached skill level 1 in Transmutations
  6381 | D:6      | Found a staircase to the Ecumenical Temple.
  6390 | Temple   | Entered the Ecumenical Temple
  6616 | Temple   | Became a worshipper of Sif Muna the Loreminder
  6935 | D:6      | Reached skill level 5 in Fighting
  7458 | D:6      | Reached skill level 1 in Invocations
  7470 | D:6      | Reached skill level 5 in Spellcasting
  7471 | D:6      | Reached skill level 7 in Dodging
  8054 | D:7      | Reached XP level 9. HP: 62/68 MP: 14/16
  8438 | D:7      | Got a translucent leather armour
  8449 | D:7      | Identified the cursed +1 leather armour of the Jolly Tables
                  | {rN+} (You found it on level 7 of the Dungeon)
  8762 | D:8      | Found a staircase to the Lair.
  8762 | D:8      | Noticed an elephant
  8775 | D:8      | Reached * piety under Sif Muna
  8786 | D:8      | Reached skill level 5 in Stealth
  9284 | D:7      | Killed an elephant
  9618 | D:8      | Noticed Joseph
  9925 | D:7      | Reached skill level 8 in Dodging
 10609 | D:8      | Killed Joseph
 10969 | D:8      | Learned a level 3 spell: Confusing Touch
 10973 | D:8      | Learned a level 3 spell: Tukima's Dance
 11013 | D:8      | Reached XP level 10. HP: 65/77 MP: 13/19
 11017 | D:8      | Reached skill level 1 in Hexes
 11175 | D:8      | Noticed Grum
 11430 | D:8      | Killed Grum
 11430 | D:8      | Reached skill level 9 in Dodging
 11564 | D:8      | Found a snail-covered altar of Cheibriados.
 11737 | D:8      | Found a bloodstained altar of Trog.
 11738 | D:8      | Found a hide-covered altar of Uskayaw.
 11738 | D:8      | Found a shattered altar of Ashenzari.
 11738 | D:8      | Found an ornate altar of the Wu Jian Council.
 11784 | D:8      | Found a white marble altar of Elyvilon.
 11789 | D:8      | Found a snail-covered altar of Cheibriados.
 11980 | D:3      | Killed Crazy Yiuf
 12098 | D:9      | Noticed an oklob plant
 12147 | D:9      | Reached skill level 5 in Invocations
 12601 | D:9      | Found Pecwis's Armour Shop.
 12604 | D:9      | Bought a +1 helmet of intelligence for 214 gold pieces
 12604 | D:9      | Bought a scarf of repulsion for 156 gold pieces
 12819 | D:9      | Learned a level 3 spell: Mephitic Cloud
 12819 | D:9      | Noticed an oklob plant
 12894 | D:9      | Reached ** piety under Sif Muna
 13004 | D:9      | Paralysed by a floating eye for 2 turns
 13237 | D:9      | Reached skill level 1 in Poison Magic
 13810 | D:9      | Noticed an oklob plant
 13912 | D:10     | Entered Level 10 of the Dungeon
 14927 | D:10     | Reached XP level 11. HP: 83/86 MP: 17/21
 14991 | D:10     | Noticed Gastronok
 15034 | D:10     | Killed Gastronok
 15034 | D:10     | Reached skill level 10 in Dodging
 16485 | D:11     | Found Qiecaad's Magic Scroll Shoppe.
 16496 | D:11     | Bought a scroll of magic mapping for 49 gold pieces
 16637 | D:11     | Reached *** piety under Sif Muna
 16674 | D:11     | Killed an unseen horror
 16920 | D:11     | Noticed a cyan ugly thing
 16957 | D:11     | Killed a cyan ugly thing
 16957 | D:11     | Reached skill level 5 in Hexes
 17819 | D:11     | Noticed a two-headed ogre
 17847 | D:11     | Killed a two-headed ogre
 18124 | D:11     | Reached skill level 5 in Poison Magic
 18196 | D:11     | Noticed a two-headed ogre
 18220 | D:11     | Killed a two-headed ogre
 18220 | D:11     | Reached skill level 11 in Dodging
 18220 | D:11     | Reached XP level 12. HP: 54/95 MP: 1/24
 18912 | D:12     | You fall into a shaft and drop 1 floor!
 18926 | D:13     | Identified Sif Muna's Incunabulum of Damage Dealing and
                  | Dislocation
 18989 | D:13     | Reached **** piety under Sif Muna
 19021 | D:13     | Noticed a centaur warrior
 19377 | D:12     | Learned a level 2 spell: Blink
 19382 | D:12     | Learned a level 4 spell: Olgreb's Toxic Radiance
 19790 | D:11     | Slain by a large slime creature

Illustrated notes

Levels and vault maps discovered:
D:1:      enne_arrival_octagon_isle, layout_basic
D:2:      layout_basic, fedhas_altar_3
D:3:      layout_rooms, uniq_crazy_yiuf_cottage, uniq_jessica
D:4:      layout_basic, serial_shops, kennysheep_mini_moat, uniq_robin
D:5:      layout_gridville
D:6:      layout_basic, minmay_temple_entry_drinking_statues, grunt_ministairs_9
D:7:      layout_gridville
D:8:      layout_cave_pools, minmay_overflow_temple_hex, david_lair_generic,
          cheibriados_altar_1, uniq_grum, uniq_joseph
D:9:      minmay_octagon_keep, layout_loops_ring, serial_shops, shop,
          disabler_island
D:10:     layout_long_grid, mrwooster_statue_mirror, minmay_misc_feat_cross,
          chequers_big_river, kennysheep_generic_room_3, uniq_gastronok
D:11:     layout_basic, serial_shops, shop, st_stairs_4
D:12:     layout_loops_ring, hiddenorc1_lemuel
D:13:     layout_basic, lightli_vaults_fourway_checkpoint,
          ebering_ghost_funeral_grove, minmay_misc_feat_doors
Temple:   regret_index_temple_generic_petals

Skill      XL: |  1  2  3  4  5  6  7  8  9 10 11 12 |
---------------+-------------------------------------+-----
Fighting       | 1 2 3 4 5 6 8 9 |  9.5
Dodging        | 3 4 5 6 7 8 9 11 | 11.3
Ice Magic      | 5 6 |  6.0
Spellcasting   | 3 4 5 6 7 8 |  8.3
Evocations     | 1 3 |  3.0
Stealth        | 3 4 6 |  6.1
Transmutations | 2 |  2.0
Invocations    | 1 4 5 7 |  7.8
Hexes          | 3 5 6 |  6.0
Poison Magic   | 2 5 |  5.6

Action                   |  1- 3 |  4- 6 |  7- 9 | 10-12 || total
-------------------------+-------+-------+-------+-------++-------
Melee: Dagger            |    53 |   124 |   421 |   665 ||  1263
       Tailslap          |       |       |       |     2 ||     2
Throw: Boomerang         |       |     2 |     3 |    28 ||    33
 Cast: Freeze            |    36 |    39 |       |       ||    75
       Frozen Ramparts   |     1 |     9 |    31 |    66 ||   107
       Ozocubu's Armour  |       |     6 |    36 |    82 ||   124
       Passwall          |       |       |     2 |       ||     2
       Confusing Touch   |       |       |       |    29 ||    29
       Tukima's Dance    |       |       |       |    10 ||    10
       Mephitic Cloud    |       |       |       |     4 ||     4
       Olgreb's Toxic Ra |       |       |       |     1 ||     1
Evoke: Wand              |       |       |     6 |    24 ||    30
  Use: Scroll            |     3 |       |     8 |     2 ||    13
       Potion            |       |       |     4 |       ||     4
 Stab: Sleeping          |     4 |       |     7 |    15 ||    26
       Distracted        |       |     1 |       |     1 ||     2
       Confused          |       |       |       |    22 ||    22
Armor: Robe              |    15 |    30 |    68 |       ||   113
       Leather armour    |     2 |       |    46 |    89 ||   137
       Acid dragon scale |       |       |       |    46 ||    46
Dodge: Dodged            |    51 |    97 |   289 |   472 ||   909
       Repelled          |       |       |       |     9 ||     9

Table legend: (Time is in decaauts)
 A = Elapsed time spent in this place.
 B = Non-inter-level travel time spent in this place.
 C = Inter-level travel time spent in this place.
 D = Time resting spent in this place.
 E = Time spent auto-exploring this place.
 F = Levels seen in this place.
 G = Mean time per level.
                   A        B        C        D        E       F      G
               +--------+--------+--------+--------+--------+-----+--------+
         Total |  19425 |  18598 |    827 |   8189 |   6465 |  14 | 1387.5 |
       Dungeon |  19173 |  18409 |    764 |   8189 |   6278 |  13 | 1474.8 |
        Temple |    252 |    189 |     63 |      0 |    187 |   1 |  252.0 |
               +--------+--------+--------+--------+--------+-----+--------+

Top non-repeatable levels by time:
     D:7: 2851 daAuts
    D:11: 2527 daAuts
     D:9: 2392 daAuts
     D:3: 2081 daAuts
    D:10: 1881 daAuts
     D:6: 1578 daAuts
     D:1: 1377 daAuts
     D:5: 1209 daAuts
     D:4: 1063 daAuts
     D:8: 978 daAuts
    D:12: 577 daAuts
     D:2: 541 daAuts
  Temple: 252 daAuts
    D:13: 113 daAuts
